Map: Acid Plant LE

Players

SpeCial

  • Race: Terran Terran
  • Spawn Location: 11:00

Stats - Winner!

  • Race: Protoss Protoss
  • Spawn Location: 5:00

Event: 2018 WCS Global Finals

VOD

Have the link to the VOD?

Description

Time

  • Played on: Nov. 2, 2018, 5:28 p.m.
  • Length: 21:55

All games in this series

Show
View Real Time Build Order
Export as new Build Order

SpeCial Terran 

Build Orders: Cyclone Opening 

Get SALT Encoding   

  12  0:00  SCV  
  13  0:13  SCV  
  14  0:17  Supply Depot  
  14  0:25  SCV  
  15  0:39  Barracks  
  15  0:41  SCV  
  16  0:45  Refinery  
  16  0:53  SCV  
  16  0:55  Refinery  
  17  1:05  SCV  
  18  1:17  SCV  
  19  1:26  Marine  
  19  1:30  Orbital Command  
  20  1:34  Factory  
  20  1:45  Barracks Reactor  
  20  1:51  Supply Depot  
  20  1:55  SCV  
  21  2:07  SCV  
  22  2:20  SCV  
  22  2:21  Engineering Bay  
  23  2:26  Cyclone  
  26  2:31  Cyclone  
  29  2:37  Supply Depot  
  29  2:43  SCV  
  30  2:50  Missile Turret  
  30  3:00  Starport  
  30  3:03  SCV  
  31  3:09  Widow Mine  
  33  3:14  Widow Mine  
  33  3:18  SCV  
  36  3:30  SCV  
  37  3:36  Supply Depot  
  37  3:41  Barracks Reactor  
  37  3:42  SCV  
  38  3:51  Starport Tech Lab  
  38  3:58  Widow Mine, SCV  
  40  4:23  Command Center  
  37  4:24  Widow Mine  
  37  4:25  Raven  
  37  4:27  Marine  
  42  4:35  Marine  
  42  4:36  SCV  
  44  4:45  Marine  
  43  4:48  Barracks  
  43  4:51  SCV, Supply Depot  
  45  4:58  Marine  
  46  5:03  SCV  
  46  5:06  Marine  
  46  5:12  Bunker  
  46  5:15  SCV  
  46  5:16  Marine  
  48  5:21  Terran Infantry Weapons Level 1  
  48  5:23  Marine  
  48  5:25  Barracks  
  48  5:27  SCV  
  50  5:36  Orbital Command  
  50  5:37  Barracks Tech Lab  
  50  5:38  Marine  
  50  5:41  Marine, SCV  
  53  5:53  Starport  
  53  5:55  Factory Tech Lab  
  51  5:57  Marine x2  
  51  5:58  Stimpack  
  53  6:09  Marine  
  54  6:14  Siege Tank, Barracks Tech Lab  
  54  6:15  Marine  
  58  6:21  Marine  
  58  6:22  Supply Depot  
  59  6:27  Marine  
  59  6:31  Starport Reactor  
  60  6:33  Marine, Combat Shield  
  60  6:36  SCV  
  66  6:40  Marauder x2  
  66  6:45  Marine  
  67  6:50  Marine  
  68  6:58  Siege Tank  
  68  7:00  Marine, SCV  
  68  7:01  Marine  
  69  7:12  Marine x2  
  69  7:13  SCV  
  72  7:16  Medivac x2  
  72  7:19  Marauder, Orbital Command  
  78  7:35  Supply Depot, SCV  
  80  7:37  Marauder  
  79  7:47  SCV  
  79  7:48  Medivac x2  
  79  7:50  Marine x2  
  86  7:56  Marauder  
  88  7:59  SCV  
  88  8:02  Refinery  
  88  8:03  Refinery  
  89  8:09  SCV  
  89  8:11  SCV  
  91  8:14  Marine x2  
  91  8:16  Supply Depot  
  93  8:20  Supply Depot  
  93  8:21  SCV  
  93  8:23  Marauder x2  
  93  8:24  SCV  
  99  8:29  Medivac  
  99  8:31  Marine  
  102  8:37  Marine, SCV  
  102  8:38  Supply Depot  
  102  8:39  SCV  
  104  8:43  Supply Depot  
  93  8:49  SCV  
  93  8:53  Marine x2  
  93  8:54  Marauder  
  98  8:58  SCV  
  98  8:59  Siege Tank  
  102  9:16  Marine x2  
  104  9:19  Marauder  
  104  9:20  Command Center  
  104  9:21  Marauder  
  108  9:33  Siege Tank  
  108  9:38  Barracks  
  111  9:41  Terran Infantry Armor Level 1  
  111  9:43  Marauder  
  111  9:45  SCV  
  113  9:51  Marine x2  
  113  9:52  Marauder  
  116  10:06  Concussive Shells  
  116  10:07  Siege Tank  
  116  10:10  SCV  
  116  10:12  Sensor Tower  
  120  10:14  SCV  
  119  10:22  SCV  
  119  10:25  Marauder, Marine, Liberator x2  
  119  10:26  SCV, Barracks Tech Lab  
  124  10:34  SCV  
  117  10:39  SCV, Siege Tank  
  112  10:45  Orbital Command  
  112  10:49  Marine  
  112  10:50  Marauder  
  112  10:52  Marine  
  116  11:01  SCV x2  
  118  11:04  Missile Turret  
  118  11:07  Marine x2  
  118  11:08  Marauder  
  122  11:11  Marauder, Siege Tank  
  122  11:14  Marine, Barracks  
  125  11:26  Marauder, Marine  
  125  11:29  Marauder  
  125  11:30  SCV x3  
  125  11:32  Marine, Refinery x2  
  133  11:37  Missile Turret  
  134  11:40  Marauder  
  134  11:41  Missile Turret, Medivac  
  134  11:42  Armory, Medivac  
  134  11:44  Marine, Siege Tank  
  134  11:46  Marine  
  145  11:52  Marine  
  145  11:53  Marauder  
  148  11:56  SCV, Engineering Bay  
  151  12:01  Marauder, SCV x2, Supply Depot  
  153  12:12  Marine  
  153  12:13  Marauder, Marine, Supply Depot  
  153  12:15  Barracks Tech Lab  
  157  12:20  Marauder  
  157  12:23  SCV x3, Siege Tank  
  157  12:27  Liberator  
  157  12:28  Supply Depot  
  163  12:32  Terran Infantry Weapons Level 2  
  163  12:34  Terran Infantry Armor Level 2  
  163  12:35  Terran Vehicle Weapons Level 1  
  163  12:38  Marauder, Marine  
  163  12:39  Marauder, Marine  
  165  12:52  Marine  
  165  12:53  Marauder  
  165  12:55  Marine  
  155  12:59  Marauder  
  155  13:04  Marauder, Marine  
  157  13:08  Viking  
  159  13:15  SCV x2  
  159  13:16  SCV  
  162  13:23  Command Center  
  162  13:31  SCV  
  162  13:33  Viking  
  164  13:35  Siege Tank  
  164  13:37  Marine x2  
  164  13:38  Missile Turret  
  168  13:45  Marine  
  168  13:46  Marauder  
  170  13:48  Marine  
  170  13:49  Marine  
  170  13:53  Supply Depot  
  170  13:54  Supply Depot  
  172  13:57  Liberator x2  
  172  13:58  Marine  
  173  14:12  Marine  
  173  14:14  Marauder, Marine x2  
  173  14:16  Siege Tank  
  173  14:25  SCV x2  
  173  14:29  Marine  
  173  14:30  Marauder, Marine  
  179  14:32  Marine  
  179  14:33  Marine  
  179  14:38  Marine  
  181  14:40  Liberator x2  
  182  14:47  Marine  
  182  14:48  Siege Tank  
  182  14:50  Marine x2  
  187  14:57  Marine x2  
  195  15:02  Marine  
  187  15:15  Marauder, Marine  
  187  15:20  Marauder, Siege Tank  
  183  15:22  Marine  
  183  15:24  Marine  
  183  15:34  Sensor Tower  
  183  15:35  Marine  
  184  15:37  Planetary Fortress  
  184  15:38  Marine x2  
  184  15:40  Medivac x2  
  184  15:41  Orbital Command  
  190  15:46  Ghost Academy  
  190  15:48  Marine x2  
  192  15:52  Siege Tank  
  192  15:54  SCV x2  
  197  15:58  Marine x2  
  199  16:06  SCV  
  195  16:22  Marauder, Marine  
  195  16:23  Barracks  
  195  16:24  Barracks  
  196  16:25  Barracks  
  192  16:36  Marine  
  192  16:37  Marauder, Marine  
  192  16:38  Marauder  
  198  16:40  Marine  
  198  16:44  Marauder  
  198  16:52  Terran Infantry Weapons Level 3, Medivac x2  
  198  16:53  Terran Infantry Armor Level 3  
  178  16:54  Marine  
  178  16:55  Marine  
  178  16:58  Marine x2  
  178  16:59  Marine  
  172  17:04  Marine  
  161  17:10  SCV  
  161  17:11  SCV x2  
  161  17:12  Marine  
  161  17:13  Marine  
  162  17:15  Marine  
  162  17:19  Marine, Sensor Tower  
  162  17:20  Marine  
  162  17:23  Marauder, Marine x3  
  169  17:32  Ghost  
  169  17:33  Marine x2  
  171  17:37  Marine  
  171  17:39  Marine  
  171  17:43  Marine  
  171  17:44  Marauder  
  176  17:47  Siege Tank  
  178  17:54  Refinery  
  178  17:55  Refinery  
  178  17:57  Command Center  
  175  17:59  Refinery  
  175  18:03  Marine x3  
  175  18:05  Marine  
  179  18:06  Marine  
  179  18:09  Ghost  
  165  18:24  SCV  
  165  18:26  Marine  
  160  18:27  Marauder  
  160  18:32  Marine  
  160  18:33  Marauder, Marine x2  
  156  18:36  SCV x2  
  156  18:37  Marine  
  156  18:38  Marauder, Marine  
  151  18:44  Marine  
  151  18:47  Marine  
  151  18:48  Supply Depot, Siege Tank  
  153  18:50  Marine x2, SCV  
  153  18:52  Supply Depot  
  153  18:53  Marine  
  153  18:54  Marine  
  158  18:56  Ghost  
  158  19:00  Marine  
  158  19:01  Marine  
  162  19:05  Ghost  
  164  19:15  Marauder, Marine x3  
  169  19:19  SCV  
  169  19:20  SCV x2  
  170  19:33  Marauder, Marine, Siege Tank  
  170  19:34  Marine  
  170  19:38  Marine x2  
  151  19:46  Marine  
  151  19:49  Marine x2  
  151  19:50  Marine  
  120  19:57  Marine  
  119  20:03  Marine  
  119  20:05  Marine  
  119  20:06  Siege Tank  
  118  20:10  Marine  
  118  20:11  Marine x2  
  104  20:22  Planetary Fortress  
  104  20:26  Marine x4  
  104  20:27  Sensor Tower  
  105  20:30  Marine  
  105  20:31  Marine  
  105  20:35  Marine x2  
  108  20:38  Marine  
  110  20:44  Marine  
  110  20:48  Marine  
  112  20:51  Marine x2  
  114  20:58  Marauder  
  116  21:06  SCV x2  
  118  21:11  Marine  
  118  21:12  Marine x2  
  118  21:13  Marine  
  121  21:18  SCV  
  121  21:19  Siege Tank  
  121  21:22  Marine  
  121  21:24  Marine  
  115  21:27  Marine  
  115  21:28  Marine  
Show
View Real Time Build Order
Export as new Build Order

Stats Protoss - Winner!

Build Orders: Oracle Opening 

Get SALT Encoding   

  12  0:00  Probe  
  13  0:12  Probe  
  14  0:20  Pylon  
  14  0:24  Probe  
  15  0:34  Probe  
  15  0:39  Gateway  
  15  0:42  Probe  
  16  0:47  Assimilator  
  17  0:52  Probe  
  18  1:04  Probe  
  18  1:05  Assimilator  
  18  1:10  Pylon  
  19  1:16  Probe  
  20  1:26  Cybernetics Core  
  20  1:28  Probe  
  20  1:29  Zealot  
  23  1:40  Probe  
  23  1:42  Pylon  
  24  1:52  Probe  
  25  1:55  Adept  
  25  2:02  Stargate  
  27  2:08  Warp Gate  
  27  2:12  Probe  
  28  2:23  Stalker  
  30  2:36  Oracle  
  33  2:56  Stalker  
  33  2:57  Shield Battery  
  37  3:28  Gateway  
  37  3:29  Gateway  
  37  3:32  Robotics Facility  
  34  3:35  Stalker  
  34  3:47  Probe  
  35  3:56  Pylon  
  35  3:57  Pylon  
  33  4:14  Probe  
  34  4:20  Observer  
  35  4:26  Probe  
  35  4:29  Stalker x3  
  42  4:32  Shield Battery  
  42  4:40  Pylon  
  42  4:46  Observer  
  43  4:59  Stalker x3  
  49  5:10  Pylon  
  49  5:26  Nexus  
  49  5:29  Probe  
  50  5:37  Probe  
  51  5:45  Probe  
  51  5:47  Robotics Bay  
  52  5:55  Probe  
  53  6:06  Immortal  
  53  6:08  Probe  
  58  6:13  Pylon  
  58  6:19  Probe  
  58  6:23  Twilight Council  
  59  6:27  Probe  
  59  6:28  Pylon  
  60  6:38  Probe x2  
  61  6:40  Observer  
  61  6:45  Disruptor  
  65  6:50  Probe  
  65  6:51  Probe  
  65  7:03  Probe x2  
  65  7:06  Observer  
  65  7:09  Stalker x2  
  65  7:15  Probe x2, Stalker  
  73  7:20  Assimilator  
  73  7:24  Disruptor  
  73  7:34  Observer, Probe x2  
  78  7:38  Assimilator  
  78  7:40  Forge  
  78  7:41  Blink  
  78  7:46  Probe x2  
  80  7:57  Disruptor  
  80  7:59  Protoss Ground Weapons Level 1  
  79  8:10  Gateway  
  79  8:11  Gateway x2  
  82  8:23  Pylon  
  82  8:29  Sentry  
  82  8:30  Zealot x2  
  82  8:31  Disruptor  
  82  8:33  Pylon  
  91  8:51  Zealot, Stalker  
  91  8:52  Zealot  
  95  9:05  Zealot x2  
  95  9:09  Stalker  
  97  9:15  Nexus  
  97  9:18  Disruptor  
  97  9:27  Probe x2  
  102  9:32  Pylon  
  102  9:42  Charge, Probe x2  
  102  9:44  Protoss Ground Armor Level 1  
  104  9:46  Pylon  
  104  9:51  Pylon  
  101  9:55  Disruptor  
  102  10:04  Stalker  
  102  10:05  Stalker  
  106  10:13  Stalker  
  108  10:22  Zealot  
  108  10:23  Zealot x2  
  113  10:32  Probe x3  
  112  10:42  Observer  
  107  10:44  Probe x2  
  107  10:46  Gravitic Drive  
  107  10:47  Probe  
  111  10:56  Probe x2  
  113  10:57  Warp Prism  
  113  10:59  Probe  
  116  11:04  Pylon  
  116  11:08  Probe x2  
  116  11:09  Forge  
  119  11:11  Probe  
  119  11:13  Templar Archives  
  117  11:26  Protoss Ground Armor Level 2, Protoss Ground Weapons Level 2  
  117  11:33  Immortal  
  117  11:35  Probe x3  
  117  11:38  Assimilator  
  117  11:39  Pylon  
  124  11:41  Assimilator  
  124  11:54  Zealot x2  
  124  11:55  Zealot  
  124  11:56  High Templar x2, Zealot  
  136  12:07  Nexus  
  136  12:10  Pylon  
  136  12:12  Archon  
  136  12:21  Zealot  
  136  12:22  Zealot  
  140  12:25  Probe x3  
  143  12:32  Stalker x2  
  143  12:33  Stalker x2  
  143  12:44  Probe x3  
  143  12:46  Stalker x2  
  144  13:00  Psionic Storm  
  144  13:02  Probe x3  
  145  13:13  Pylon  
  145  13:14  Probe x3  
  145  13:18  Observer  
  149  13:35  Pylon x2  
  149  13:36  High Templar x4, Nexus  
  157  13:45  Protoss Ground Armor Level 3, Protoss Ground Weapons Level 3  
  157  13:51  Pylon x2  
  157  14:10  Pylon  
  157  14:11  High Templar x2, Zealot x2  
  157  14:12  Zealot x2  
  167  14:24  Immortal  
  171  14:36  Zealot  
  171  14:37  Zealot x2  
  177  14:42  Gateway  
  177  14:45  Gateway  
  167  14:53  Stalker x3  
  173  15:06  Zealot x2  
  173  15:07  Zealot  
  167  15:15  Zealot x3  
  167  15:16  Archon  
  166  15:26  Stalker x2  
  170  15:36  Pylon  
  170  15:45  Nexus  
  170  15:47  Pylon  
  170  15:56  Nexus  
  170  16:06  High Templar  
  170  16:07  High Templar x3, Zealot x3  
  182  16:37  Zealot x3  
  188  16:40  Stalker  
  158  17:03  Zealot x7  
  166  17:09  Nexus  
  156  17:26  High Templar x3  
  156  17:27  High Templar x5  
  170  17:31  Archon x3  
  170  17:32  Archon  
  164  17:50  Robotics Facility, Immortal  
  168  17:52  Observer  
  168  17:58  Zealot x3  
  174  18:00  Zealot x3  
  164  18:39  Immortal  
  164  18:41  High Templar x3  
  172  18:42  Zealot x5  
  172  18:44  Probe x4, Assimilator  
  172  18:48  Assimilator  
  188  18:56  Probe x3  
  188  19:01  Observer  
  191  19:06  Pylon  
  191  19:08  Probe x4  
  195  19:10  Immortal  
  197  19:34  Archon  
  195  19:43  Observer  
  184  19:51  Nexus  
  180  19:52  Pylon  
  180  19:53  Immortal x2  
  180  19:55  High Templar x4  
  180  19:56  Zealot x2  
  190  20:28  High Templar x2  
  190  20:29  Zealot x3  
  190  20:32  Observer  
  200  20:48  Assimilator  
  199  20:52  Assimilator  
  200  20:57  Observer  
  179  21:51  Archon x2  
  179  21:53  Archon  
Tags
 
Add a new tag
Caveats
  • Supply blocks, unpowered buildings, or Contaminate may cause inaccurate times.
  • Supply counts are checked every 10 seconds.